Unix NetHack Version 5.0.0-0 post-release - last build May  4 2026 22:22:43 (774f63e81ad911689b3a0859ea89b322d5daca8d,branch:main).

Game began 2026-05-05 01:57:06, ended 2026-05-06 06:16:34.

Brudee, chaotic female human Wizard

                           -------
                           |..|(.|                       g
                           |...|%--            Cg  .......   t
                           -|...|%|-------  %.@   .....
                           .....%%%.W._%.|. ..&.....-
                &       |.(.||.|(.|----%-/Q...S.U...  &
        --------        -|...(.^.||   |//))&%WS%2 B  &R  @
        |......|         .../|.(..|   ----&SSS@S&&fY
        |..--|-------+----.|%.)..-        .D..TS. f@ B
        |..|........@....|.`/`||.|         ..S 2 &&H-
       ---|---------|-------[-----         ..   B B
     ---..%.|    |.....N| |`.`|             .     &
     |...%%.---  ---...[---%.(|                   m&
     ----.%<&.|    |....^%.%(.|                   S
        |.....|    -------...--
        |.....|          |^..|
        -------          -----

Brudee the Sorceress      St:18/51 Dx:21 Co:15 In:22 Wi:22 Ch:13  Chaotic S:1161980
Dlvl:50 $:0  HP:0(167) Pw:37(231) AC:-23 Xp:18/1312845 T:43565  Blind

Latest messages:
 The displacer beast bites!
 The horned devil hits!
 The horned devil misses!
 The horned devil misses!
 The horned devil misses!
 What do you want to zap? [qtvPT or ?*] T
 In what direction? h
 The death ray hits the bone devil.
 You kill the gremlin!
 Yeenoghu vanishes and reappears farther away.
 The owlbear turns into an Elvenqueen!
 In what direction? .
 You feel better.
 It is missed.
 It misses.
 The storm giant hits!
 The storm giant knocks you back with a powerful strike!
 You bump into a carnivorous ape.
 Yeenoghu vanishes and reappears farther away.
 The carnivorous ape misses!
 The carnivorous ape misses!
 The carnivorous ape misses!
 The displacer beast hits!
 The displacer beast hits again!
 The displacer beast bites!
 The displacer beast hits!
 The displacer beast hits again!
 The displacer beast misses!
 The horned devil misses!
 The horned devil hits!
 The horned devil bites!
 The horned devil stings!
 Yeenoghu vanishes and reappears farther away.
 The storm giant hits!
 Yeenoghu vanishes and reappears farther away.
 The carnivorous ape misses!
 The carnivorous ape misses!
 The carnivorous ape misses!
 The displacer beast misses!
 The displacer beast hits!
 The displacer beast bites!
 The displacer beast hits!
 The displacer beast hits again!
 You die...
 Do you want your possessions identified? [ynq] (y) y
 Do you want to see your attributes? [ynq] (y) y
 Do you want an account of creatures vanquished? [ynaq] (y) y
 Do you want a list of species genocided? [ynaq] (y) y
 Do you want to see your conduct and achievements? [ynq] (y) y
 Do you want to see the dungeon overview? [ynq] (y) y

Inventory:
 Amulets  ('"')
  Y - the blessed Eye of the Aethiopica (being worn)
 Weapons  (')')
  F - a blessed fixed +6 crysknife (weapon in right hand)
 Armor    ('[')
  E - a blessed tempered +4 helm of brilliance (being worn)
  S - a blessed greased fireproof +3 pair of gauntlets of dexterity (being worn)
  a - a blessed fireproof +3 pair of speed boots (being worn)
  s - a blessed fireproof +3 cloak of magic resistance (being worn)
  K - a blessed +4 set of silver dragon scales (being worn)
 Comestibles  ('%')
  A - an uncursed food ration
 Scrolls  ('?')
  H - 2 uncursed scrolls of blank paper
  M - a blessed scroll of charging
  f - an uncursed scroll of fire
  W - an uncursed scroll of identify
 Potions  ('!')
  d - 4 potions of holy water
 Rings    ('=')
  B - a cursed ring of conflict
  w - a blessed greased ring of free action (on left hand)
  C - a blessed +3 ring of increase damage (on right hand)
  Q - an uncursed ring of polymorph control
  J - an uncursed ring of stealth
 Wands    ('/')
  P - a wand of cancellation (0:1)
  q - a wand of cold (0:6)
  v - a wand of create monster (0:9)
  T - a blessed greased wand of death (1:4)
  t - a wand of speed monster (0:5)
 Tools    ('(')
  i - a blessed bag of holding containing 72 items
  O - an empty cursed sack
  o - an uncursed blindfold (being worn)
  I - a magic marker (1:33)
  k - an uncursed skeleton key
  u - a blessed +0 unicorn horn
 Gems/Stones  ('*')
  r - a blessed luckstone

Contents of the bag of holding:
  an uncursed amulet of reflection
  the fireproof +3 Sting
  the blessed rustproof +5 Ogresmasher
  the +0 Orcrist
  an uncursed +0 cloak of displacement
  a blessed +0 robe
  a blessed greased +4 gold dragon scale mail
  an uncursed slime mold
  an uncursed banana
  2 uncursed food rations
  2 uncursed lumps of royal jelly
  an uncursed pancake
  a cursed tripe ration
  2 uncursed lizard corpses
  6 uncursed scrolls of blank paper
  a blessed scroll of confuse monster
  2 uncursed scrolls of create monster
  a blessed scroll of enchant armor
  an uncursed scroll of enchant armor
  2 uncursed scrolls of enchant weapon
  4 blessed scrolls of gold detection
  a blessed scroll of light
  5 uncursed scrolls of light
  3 uncursed scrolls of magic mapping
  an uncursed scroll of punishment
  2 uncursed scrolls of remove curse
  3 blessed scrolls of teleportation
  12 uncursed scrolls of teleportation
  an uncursed spellbook of dig
  a blessed spellbook of finger of death
  a blessed spellbook of force bolt
  an uncursed spellbook of identify
  an uncursed spellbook of magic missile
  an uncursed spellbook of polymorph
  a blessed spellbook of restore ability
  an uncursed spellbook of teleport away
  an uncursed potion of booze
  a cursed potion of extra healing
  an uncursed potion of fruit juice
  a blessed potion of levitation
  an uncursed potion of oil
  a blessed potion of restore ability
  18 potions of holy water
  an uncursed +2 ring of increase damage
  an uncursed ring of levitation
  a wand of cold (1:13)
  a wand of cold (1:11)
  a wand of digging (0:8)
  a wand of digging (0:6)
  a wand of digging (0:4)
  a wand of digging (0:4)
  a wand of fire (0:3)
  a wand of polymorph (1:1)
  a wand of secret door detection (0:11)
  a wand of speed monster (0:6)
  a wand of teleportation (0:6)
  a wand of undead turning (0:8)
  a wand of undead turning (0:5)
  an expensive camera (0:77)
  a magic marker (0:9)
  a magic marker (0:8)
  an uncursed tin opener
  a tinning kit (0:44)
  3 uncursed amethyst stones
  3 uncursed diamonds
  3 uncursed emeralds
  an uncursed garnet stone
  an uncursed jasper stone
  2 cursed jasper stones
  4 uncursed rubies
  an uncursed luckstone
  a blessed touchstone

Brudee the Wizard's attributes:

Background:
 You were a Sorceress, a level 18 female human Wizard.
 You were chaotic, on a mission for Anhur
 who was opposed by Ptah (lawful) and Thoth (neutral).
 You were right-handed.
 You were in Gehennom, on level 50.
 You entered the dungeon 43565 turns ago.
 You had 1312845 experience points, 1247155 more were needed for level 19.
 Your score was 1161980 before end-of-game adjustments.

Basics:
 You had 0 out of 167 hit points.
 You had 37 out of 231 energy points (spell power).
 Your armor class was -23.
 Your wallet was empty.
 Autopickup was off.

Final Characteristics:
 Your strength was 18/51 (limit:18/100).
 Your dexterity was 21 (base:18, innate limit:18).
 Your constitution was 15 (peak:18, limit:18).
 Your intelligence was 22 (base:18, innate limit:18).
 Your wisdom was 22 (base:18, innate limit:18).
 Your charisma was 13 (limit:18).

Final Status:
 You were deliberately blind.
 You weren't hungry.
 You were unencumbered.
 You were wielding a knife.
 You were skilled in knife.

Final Attributes:
 You were the Glory of Arioch.
 You were piously aligned.
 You were magic-protected.
 You were fire resistant.
 You were cold resistant.
 You were sleep resistant.
 You were disintegration resistant.
 You were shock resistant.
 You were poison resistant.
 You were telepathic.
 You were warned.
 You could teleport.
 You had teleport control.
 You had a small damage bonus (+3).
 You had a moderate defense bonus (+9).
 You were warded.
 You took half spell damage.
 You were very fast.
 You had reflection.
 You had free action.
 You were extremely lucky.
 You had extra luck.
 Good luck did not time out for you.
 You are dead (4th time!).

Miscellaneous:
 You encountered 3 bones levels.
 Total elapsed playing time was 17 hours, 17 minutes and 31 seconds.

Major events:
 Turn
    1: Brudee the chaotic female human Wizard entered the dungeon
  458: entered the Gnomish Mines
  484: attained the rank of Conjurer (level 3)
 2200: made her first wish - "blessed greased +2 gold dragon scale mail", got "a greased gold dragon scale mail"
 2511: reached Mine Town
 2562: attained the rank of Thaumaturge (level 6)
 3254: killed Kipawa the giant ant, the general store proprietor
 3418: wished for "2 blessed scrolls of charging", got "a scroll labeled ZLORFIK"
 3513: wished for "blessed greased fixed +2 speed boots", got "a greased pair of riding boots"
 4073: wished for "blessed greased fixed +2 helm of brilliance", got "a greased crystal helmet"
 4390: was bestowed with Magicbane by Anhur
 6125: was bestowed with Ogresmasher by Anhur
 8936: acquired the Mines' End luckstone
 9589: attained the rank of Magician (level 10)
11879: entered Sokoban
12080: completed 1st Sokoban level
12493: completed 2nd Sokoban level
12749: completed 3rd Sokoban level
13555: completed 4th Sokoban level
14597: acquired the Sokoban amulet of reflection
16105: killed Culdaff, the second-hand bookstore proprietor
16325: killed Donmyar, the hardware store proprietor
17566: killed Izchak, the lighting store proprietor
17614: killed Samoe, the delicatessen proprietrix
18851: killed Ennistymon, the second-hand bookstore proprietrix
18958: entered the Bigroom
19009: performed her first genocide (class L)
19013: genocided mind flayers
19078: genocided master mind flayers
21172: attained the rank of Enchantress (level 14)
21761: wished for "blessed greased ring of free action", got "a greased jade ring"
23470: wished for "blessed greased fixed +2 gauntlets of dexterity", got "a greased pair of old gloves"
25684: was bestowed with Sting by Anhur
26646: entered Home 1, the Quest
26913: Neferet the Green has granted access to proceed deeper into the quest
26964: entered Home 2, the Quest
27352: entered Home 3, the Quest
27783: entered Home 4, the Quest
28097: entered Home 5, the Quest
28405: found the Eye of the Aethiopica on the floor
28512: killed the Dark One
28513: acquired the Bell of Opening
29914: genocided class c
30016: was chosen to take lives for the Glory of Anhur
30016: was bestowed with spellbook of finger of death
30139: chose a runed broadsword to be named "Orcrist"
30970: killed Medusa
31580: wished for "blessed greased fixed +2 T-Shirt", got "a greased T-shirt"
31595: wished for "uncursed magic marker", got "a magic marker"
31852: wished for "blessed greased wand of death", got "a greased pine wand"
31981: entered Gehennom
32158: killed Juiblex
32428: attained the rank of Sorceress (level 18)
32667: wished for "blessed spellbook of magic mapping", got "a plaid spellbook"
35711: killed Asmodeus
36101: killed Baalzebub
36941: destroyed Vlad the Impaler
36955: acquired the Candelabrum of Invocation
37829: genocided disenchanters
39590: killed Orcus
41777: just blew up her bag of holding
41857: genocided class a
42452: killed the Wizard of Yendor
42454: acquired the Book of the Dead
42604: performed the invocation
43157: killed the Wizard of Yendor (2nd time)
43538: averted death (killed by a displacer beast)
43550: averted death (killed by a displacer beast)
43556: averted death (killed by Yeenoghu)
43565: killed by a displacer beast, while moving through the air

Spells:
 Name                 Level Category     Fail Retention
 force bolt             1   attack         0%   91%-92%
 remove curse           3   clerical       0%    (gone)
 light                  1   divination     0%    1%-10%
 knock                  1   matter         0%   81%-85%
 restore ability        4   healing        0%   31%-40%
 create monster         2   clerical       0%    6%-10%
 dig                    5   matter         0%    6%-10%
 detect monsters        1   divination     0%   71%-80%
 drain life             2   attack         0%   73%-74%
 haste self             3   escape        15%    (gone)
 chain lightning        2   attack         0%   91%-92%
 confuse monster        1   enchantment    0%   71%-80%
 healing                1   healing        0%   61%-70%
 teleport away          6   escape        96%   26%-50%
 magic missile          2   attack         0%   33%-34%
 polymorph              6   matter        15%   91%-95%
 sleep                  3   enchantment    0%    1%-10%
 finger of death        7   attack         0%   33%-34%
 stone to flesh         3   healing        0%   31%-40%
 magic mapping          5   divination    34%   41%-50%
 identify               3   divination     0%   71%-80%
 detect food            2   divination     0%  91%-100%

Skills:
 Fighting Skills
   bare handed combat [Unskilled]
   riding             [Unskilled]
 Weapon Skills
   dagger             [Skilled]
   knife              [Skilled]
   axe                [Unskilled]
   short sword        [Unskilled]
   broadsword         [Unskilled]
   club               [Unskilled]
   mace               [Unskilled]
   hammer             [Basic]
   quarterstaff       [Skilled]
   polearms           [Unskilled]
   spear              [Unskilled]
   trident            [Unskilled]
   sling              [Unskilled]
   dart               [Unskilled]
   shuriken           [Unskilled]
 Spellcasting Skills
   attack spells      [Expert]
   healing spells     [Basic]
   divination spells  [Basic]
   enchantment spells [Basic]
   clerical spells    [Skilled]
   escape spells      [Unskilled]
   matter spells      [Skilled]

Voluntary challenges:
 Character rerolling was not enabled.
 You genocided 16 types of monsters.
 You used 10 wishes.
 You did not wish for any artifacts.
 You did not violate any of the special Sokoban rules.
Achievements:
 You entered the Gnomish Mines.
 You attained the rank of Conjurer.
 You entered a shop.
 You entered Minetown.
 You attained the rank of Thaumaturge.
 You entered a temple.
 You completed the Gnomish Mines.
 You attained the rank of Magician.
 You entered Sokoban.
 You completed Sokoban.
 You entered the Big Room.
 You attained the rank of Enchantress.
 You handled the Bell of Opening.
 You defeated Medusa.
 You entered Gehennom.
 You attained the rank of Sorceress.
 You handled the Candelabrum of Invocation.
 You handled the Book of the Dead.
 You gained access to Moloch's Sanctum.

 The Dungeons of Doom: levels 1 to 27
    Level 1:
    Level 2:
       A fountain, a sink.
    Level 3:
       A scroll shop.
       Stairs down to The Gnomish Mines.
    Level 4:
       A fountain.
    Level 5:
       Many fountains.
       Oracle of Delphi.
    Level 6:
       Stairs up to Sokoban, level 5.
    Level 7:
       A fountain.
    Level 8:
    Level 9:
       A fountain, a grave.
       Final resting place for
          BeardyHaddock-Wiz-Elf-Mal-Cha, killed by a plains centaur, while praying.
    Level 10:
       Some fountains.
    Level 11:
       A scroll shop, a fountain, a sink.
       Portal to The Quest.
    Level 12:
       A very big room.
    Level 13:
    Level 14:
    Level 15:
       A primitive area.
    Level 16:
       A fountain.
    Level 17:
       A temple and an altar to Anhur, a fountain.
    Level 18:
       A fountain, a grave.
    Level 19:
    Level 20:
       A temple and an altar.
    Level 21:
    Level 22:
    Level 23:
       A throne, many fountains.
    Level 24:
    Level 25:
    Level 26:
       Many trees.
    Level 27:
       A fountain.
       The castle.
 Gehennom: levels 28 to 50
    Level 28:
       A temple and an altar, many graves.
       Valley of the Dead.
    Level 29:
    Level 30:
    Level 31:
    Level 32:
    Level 33:
       Some fountains.
    Level 34:
    Level 35:
    Level 36:
    Level 37:
       Some shops, an altar, many graves.
       Stairs up to Vlad's Tower, level 36.
    Level 38:
    Level 39:
    Level 40:
    Level 41:
    Level 42:
    Level 43:
    Level 44:
    Level 45:
    Level 46:
    Level 47:
    Level 48:
    Level 49:
       Gateway to Moloch's Sanctum.
    Level 50: <- You were here.
       Many graves.
       Final resting place for
          you, killed by a displacer beast, while moving through the air.
 The Gnomish Mines: levels 4 to 11
    Level 4:
    Level 5:
    Level 6:
       A grave.
       Final resting place for
          valdi7913-Kni-Hum-Mal-Law, killed by a gnome lord.
    Level 7:
       Many shops, a temple and an altar to Anhur, some fountains, a grave, a tree.
       Final resting place for
          dendron-Arc-Dwa-Mal-Law, killed by a homunculus, while sleeping.
    Level 8:
    Level 9:
    Level 10:
    Level 11:
       A fountain.
 The Quest: levels 1 to 5
    Level 1:
       A throne.
       Completed quest for Neferet the Green.
    Level 2:
    Level 3:
    Level 4:
    Level 5:
       A temple and an altar.
 Sokoban: levels 5 up to 2
    Level 2:
       Solved.
    Level 3:
       Solved.
    Level 4:
       Solved.
    Level 5:
       Solved.
 Vlad's Tower: levels 36 up to 34
    Level 34:
       A throne.
    Level 35:
    Level 36:


Vanquished creatures:
    Asmodeus
    Baalzebub
    Orcus
    Juiblex
the Wizard of Yendor (twice)
    Vlad the Impaler
    Medusa
  7 krakens
  6 iron golems
  2 storm giants
  7 balrogs
  8 purple worms
  a gray dragon
  2 gold dragons
  4 silver dragons
 11 red dragons
  6 white dragons
  5 orange dragons
 10 black dragons
  3 blue dragons
  4 green dragons
  2 yellow dragons
 19 minotaurs
  8 jabberwocks
the Dark One
  5 baluchitheria
 an Angel
  4 stone golems
  4 Olog-hai
  a Nazgul
  6 pit fiends
  a sandestin
  6 hell hounds
  4 displacer beasts
  5 titanotheres
  3 trappers
  5 baby red dragons
  a baby blue dragon
  a baby green dragon
  2 guardian nagas
  7 genetic engineers
  2 disenchanters
 30 vampire leaders
  7 skeletons
  5 shopkeepers
  a prisoner
 11 aligned clerics
  4 captains
  5 shades
  a clay golem
  2 nurses
  6 ice devils
  5 nalfeshnees
  3 lurkers above
 an Aleax
  6 ettins
  2 golden nagas
  2 black puddings
 25 vampires
  5 lieutenants
  2 watch captains
 33 ghosts
  a wizard
  4 queen bees
  4 winged gargoyles
  7 giant mimics
  9 long worms
  8 zruties
  2 fire giants
  7 ogre tyrants
 an ice troll
  8 rock trolls
  4 umber hulks
  7 flesh golems
  3 elven monarchs
  3 doppelgangers
 14 hezrous
  8 bone devils
  2 large mimics
  8 fire vortices
  a couatl
  7 stalkers
 an air elemental
 10 fire elementals
  8 earth elementals
  6 water elementals
  9 hill giants
  8 giant mummies
  3 black nagas
 20 xorns
  7 giant zombies
  5 elf-nobles
 10 sergeants
  7 barbed devils
 30 vrocks
  5 salamanders
 15 wargs
  a winter wolf
 12 hell hound pups
 10 small mimics
  2 glass piercers
  3 warhorses
  7 steam vortices
  9 xans
  3 ettin mummies
  2 ogre leaders
  6 quantum mechanics
 18 trolls
  2 wood golems
 10 mariliths
  4 sharks
 10 gelatinous cubes
  a pyrolisk
  8 large dogs
  3 freezing spheres
 11 flaming spheres
 12 shocking spheres
  4 large cats
  7 tigers
  4 gargoyles
  a dwarf ruler
 15 tengu
  3 ochre jellies
 11 leocrottas
  4 energy vortices
  5 mountain centaurs
  9 stone giants
  6 elf mummies
  2 human mummies
  2 red nagas
  7 green slimes
 21 pythons
 15 pit vipers
 15 cobras
 45 wraiths
  6 carnivorous apes
 19 ettin zombies
  2 leather golems
  2 Grey-elves
 48 soldiers
  2 watchmen
  8 amorous demons
 12 horned devils
  6 chameleons
  a crocodile
 11 giant beetles
  8 quivering blobs
  a cockatrice
  4 wolves
  8 winter wolf cubs
  2 lynxes
  7 panthers
  8 gremlins
  a spotted jelly
 78 leprechauns
  7 orc-captains
  4 iron piercers
  6 mumakil
 12 giant spiders
  5 scorpions
  8 horses
  a baby long worm
  8 black lights
 61 vampire bats
  7 forest centaurs
  6 gnome rulers
  2 orc mummies
  4 dwarf mummies
  4 ogres
  4 brown puddings
  9 rust monsters
 17 owlbears
  9 yetis
  4 gold golems
  3 werewolves
  8 Green-elves
  2 piranha
  8 giant eels
 14 lizards
  2 chickatrices
  a dingo
  4 dogs
  a housecat
  9 jaguars
  4 dwarf leaders
  5 blue jellies
  6 white unicorns
  3 gray unicorns
  8 dust vortices
 28 ravens
 11 plains centaurs
  2 gnome mummies
 31 snakes
 17 apes
 22 human zombies
  2 rope golems
  4 Woodland-elves
 18 soldier ants
 14 fire ants
 11 bugbears
  3 imps
  2 lemures
  7 quasits
  9 wood nymphs
  4 water nymphs
  8 mountain nymphs
 13 Mordor orcs
 14 Uruk-hai
  7 orc shamans
  5 rock piercers
  9 rock moles
  6 ponies
  4 fog clouds
 12 yellow lights
  a shrieker
  4 violet fungi
 20 gnome leaders
  5 gnomish wizards
  6 kobold mummies
  6 gray oozes
  4 barrow wights
  9 elf zombies
 17 ghouls
  4 straw golems
  a paper golem
  a jellyfish
  a baby crocodile
 17 giant ants
  4 little dogs
  8 floating eyes
 24 dwarves
  9 homunculi
  2 kobold leaders
  4 kobold shamans
 12 hill orcs
 16 rothes
  2 rabid rats
  2 centipedes
 15 giant bats
  3 monkeys
 21 orc zombies
 15 dwarf zombies
  a wererat
  4 werejackals
 13 iguanas
 66 killer bees
  2 acid blobs
  8 coyotes
  4 gas spores
  9 hobbits
 23 manes
  3 large kobolds
 27 hobgoblins
 10 giant rats
  3 cave spiders
  a brown mold
  4 yellow molds
  4 green molds
  2 red molds
 75 gnomes
 37 garter snakes
 11 gnome zombies
 14 geckos
 21 jackals
  a fox
  5 kobolds
  8 goblins
  9 grid bugs
 15 bats
  8 lichens
 17 kobold zombies
 12 newts
2293 creatures vanquished.

Genocided species:
 arch-liches
 master liches
 demiliches
 master mind flayers
 disenchanters
 liches
 queen bees
 mind flayers
 pyrolisks
 giant beetles
 cockatrices
 chickatrices
 soldier ants
 fire ants
 giant ants
 killer bees
16 species genocided.

Game over:
                       ----------
                      /          \
                     /    REST    \
                    /      IN      \
                   /     PEACE      \
                  /                  \
                  |      Brudee      |
                  |       0 Au       |
                  |   killed by a    |
                  | displacer beast  |
                  |                  |
                  |                  |
                  |       2026       |
                 *|     *  *  *      | *
        _________)/\\_//(\/(/\)/\//\/|_)_______

Goodbye Brudee the Wizard...

You died in Gehennom on dungeon level 50 with 1161980 points,
and 0 pieces of gold, after 43565 moves.
You were level 18 with a maximum of 167 hit points when you died.

